 Dungeon Crawl Stone Soup version 0.26-b1-52-g61e05abef2 (webtiles) character file.

Game seed: 12729817861791202562

4024 Cazemata the Severer (level 10, -6/90 HPs)
             Began as a Minotaur Berserker on Jan 7, 2021.
             Was an Elder of Trog.
             Killed by nerve-wracking pain
             ... invoked by a shadow imp
              (13 damage)
             ... on level 8 of the Dungeon.
             The game lasted 00:28:47 (8376 turns).

Cazemata the Severer (Minotaur Berserker)           Turns: 8376, Time: 00:28:47

Health: -6/90      AC: 12    Str: 24    XL:     10   Next: 4%
Magic:  9/9        EV:  9    Int:  6    God:    Trog [****..]
Gold:   445        SH:  0    Dex: 11    Spells: 9/9 levels left

rFire    . . .     SeeInvis .   a - +1 hand axe
rCold    . . .     Faith    .   (no shield)
rNeg     . . .     Spirit   .   B - +0 chain mail
rPois    .         Reflect  .   (helmet restricted)
rElec    .         Harm     .   r - scarf {+Inv}
rCorr    .         Rampage  .   (no gloves)
Will     .....                  p - +1 pair of boots
Stlth    ..........             (no amulet)
HPRegen  0.25/turn              o - ring of stealth
MPRegen  0.11/turn              (no ring)

@: no status effects
A: retaliatory headbutt, claws 1, horns 2, iridescent scales 1, strong 1
a: Renounce Religion, Evoke Invisibility, Berserk, Trog's Hand, Brothers in Arms


You were on level 8 of the Dungeon.
You worshipped Trog.
Trog was greatly pleased with you.
You visited 1 branch of the dungeon, and saw 8 of its levels.

You collected 445 gold pieces.

Inventory:

Hand Weapons
 a - a +1 hand axe (weapon)
Missiles
 F - 2 throwing nets
Armour
 b - a +0 animal skin
 p - a +1 pair of boots (worn)
 r - a scarf of invisibility (worn)
 B - a +0 chain mail (worn)
Jewellery
 o - a ring of stealth (left claw)
 t - a cursed -4 ring of intelligence {unknown}
Wands
 z - a wand of paralysis (10)
 G - a wand of iceblast (10)
Scrolls
 e - 4 scrolls of remove curse
 h - 3 scrolls of magic mapping
 i - 2 scrolls of immolation
 l - a scroll of identify
 n - 3 scrolls of fear
 u - 2 scrolls of enchant weapon
 v - a scroll of fog
 w - a scroll of enchant armour
Potions
 c - 2 potions of heal wounds
 d - 3 potions of might
 f - a potion of mutation
 g - a potion of magic
 j - 6 potions of curing
 k - 2 potions of invisibility
 q - a potion of brilliance
 s - a potion of berserk rage
 x - 2 potions of lignification
 A - 2 potions of attraction
 D - a potion of haste


   Skills:
 * Level 8.4 Fighting
 - Level 15.1 Axes
 - Level 2.4 Armour
 - Level 2.1 Dodging


You had 9 spell levels left.
You didn't know any spells.
Your spell library was empty.

Dungeon Overview and Level Annotations

Branches:
Dungeon (8/15)             Temple (0/1) D:5
   Lair: D:8-11

Altars:
Elyvilon
Gozag
Nemelex Xobeh
Vehumet
Wu Jian
Yredelemnul
Zin

Shops:
D:7 !


Innate Abilities, Weirdness & Mutations

You reflexively headbutt those who attack you in melee.
You have a pair of horns on your head.
You have sharp fingernails.
You are partially covered in iridescent scales. (AC +2)
Your muscles are strong. (Str +2)


Message History

You hit the shadow imp. Your headbutt misses the shadow imp.
The shadow imp is severely wounded.
The shadow imp barely misses you.
You hit the shadow imp.
The shadow imp is almost dead.
You hit the shadow imp.
The shadow imp is almost dead.
The shadow imp gestures at you. Pain shoots through your body!
* * * LOW HITPOINT WARNING * * *
You closely miss the shadow imp. Your headbutt misses the shadow imp.
The shadow imp is almost dead.
The shadow imp hits you but does no damage.
You closely miss the shadow imp.
The shadow imp is almost dead.
You hit the shadow imp but do no damage.
The shadow imp is almost dead.
The shadow imp gestures at you. Pain shoots through your body!
You die...

..########..##....##.....##
#...#.##..#.....#.
#......##.........
##..##..#.##...##.
#...##....##.##..
#....#.##..#.#..#
#.......##.....##
#..5.....#.....#.
##@###...O.......
.........###.....####.
...........+.....#
.._......###.....#
.(.......# ####.#
.........# .# .........#
.........#


You could see a shadow imp.

Vanquished Creatures
  A two-headed ogre (D:8)
  A vampire (D:7)
  A steam dragon (D:7)
  A water moccasin (D:6)
  2 ice beasts (D:7)
  3 phantoms
  3 ogres
  4 necrophages (D:7)
  2 centaurs (D:6)
  A big kobold (D:7)
  2 bullfrogs
  2 scorpions
  11 killer bees
  2 howler monkeys
  2 wights (D:7)
  2 bullfrog zombies
  A centaur zombie (D:5)
  2 hounds
  A jelly (D:5)
  2 orc priests (D:7)
  Crazy Yiuf (D:3)
  2 bullfrog skeletons
  4 orc wizards
  3 worker ants
  A killer bee zombie (D:7)
  A hound skeleton (D:7)
  A mummy (D:7)
  11 adders
  7 gnolls
  2 white imps
  An ooze (D:2)
  An adder zombie (D:7)
  4 worms
  A leopard gecko (D:1)
  16 orcs
  A ball python (D:4)
  4 bats
  5 giant cockroaches
  2 gnoll zombies (D:5)
  4 goblins
  8 hobgoblins
  7 jackals
  5 quokkas
  3 frilled lizards
  A jackal skeleton (D:5)
  A jackal zombie (D:7)
  8 kobolds
  2 leopard gecko skeletons (D:5)
  2 leopard gecko zombies (D:7)
  8 rats
163 creatures vanquished.

Vanquished Creatures (others)
  A fungus (D:3)
  3 plants (D:5)
  6 withered plants (D:7)
10 creatures vanquished.

Grand Total: 173 creatures vanquished

Notes
Turn   | Place    | Note
-------+----------+-------------------------------------------
     0 | D:1      | Cazemata the Minotaur Berserker began the quest for the
                  | Orb.
     0 | D:1      | Reached XP level 1. HP: 19/19 MP: 0/0
   186 | D:1      | Reached skill level 4 in Axes
   313 | D:1      | Reached XP level 2. HP: 26/26 MP: 1/1
  1041 | D:2      | Reached skill level 5 in Axes
  1041 | D:2      | Reached XP level 3. HP: 30/31 MP: 2/2
  1104 | D:2      | Reached skill level 6 in Axes
  1104 | D:2      | Reached XP level 4. HP: 33/39 MP: 3/3
  1285 | D:2      | Reached ** piety under Trog
  2769 | D:3      | Reached skill level 7 in Axes
  2769 | D:3      | Reached XP level 5. HP: 37/45 MP: 4/4
  2876 | D:3      | Found a runed translucent door.
  2877 | D:3      | Noticed Crazy Yiuf
  2886 | D:3      | Killed Crazy Yiuf
  3424 | D:4      | Found a radiant altar of Vehumet.
  3486 | D:4      | Reached skill level 8 in Axes
  3524 | D:4      | Reached XP level 6. HP: 19/51 MP: 5/5
  3958 | D:4      | Found a glowing silver altar of Zin.
  4021 | D:4      | Reached skill level 9 in Axes
  4189 | D:4      | Found an opulent altar of Gozag.
  4325 | D:5      | Entered Level 5 of the Dungeon
  4385 | D:5      | Reached XP level 7. HP: 24/57 MP: 6/6
  4846 | D:5      | Found a staircase to the Ecumenical Temple.
  4920 | D:5      | Reached skill level 10 in Axes
  5072 | D:5      | Found a basalt altar of Yredelemnul.
  5187 | D:5      | Reached *** piety under Trog
  5286 | D:5      | Reached skill level 11 in Axes
  5655 | D:6      | Found a white marble altar of Elyvilon.
  5880 | D:6      | Reached XP level 8. HP: 41/64 MP: 7/7
  6186 | D:6      | Reached skill level 12 in Axes
  6642 | D:7      | Reached skill level 13 in Axes
  6983 | D:7      | Reached XP level 9. HP: 51/70 MP: 8/8
  7007 | D:7      | Found an ornate altar of the Wu Jian Council.
  7108 | D:7      | Reached skill level 14 in Axes
  7129 | D:7      | Found Wasec's Distillery.
  7156 | D:7      | Reached **** piety under Trog
  7213 | D:7      | Gained mutation: Your muscles are strong. (Str +2) [potion
                  | of mutation]
  7213 | D:7      | Gained mutation: You have sharp fingernails. [potion of
                  | mutation]
  7213 | D:7      | Gained mutation: You are partially covered in iridescent
                  | scales. (AC +2) [potion of mutation]
  7475 | D:7      | Reached skill level 15 in Axes
  7812 | D:7      | Reached skill level 5 in Fighting
  7962 | D:8      | Found a sparkling altar of Nemelex Xobeh.
  8089 | D:8      | Noticed a two-headed ogre
  8368 | D:8      | Killed a two-headed ogre
  8369 | D:8      | Reached XP level 10. HP: 18/90 MP: 9/9
  8376 | D:8      | Killed from afar by a shadow imp

Illustrated notes

Levels and vault maps discovered:
D:1:      erik_arrival_cave_to_civilisation [erik_arrival_cave_to_temple],
          layout_basic, minmay_surrounded
D:2:      layout_basic, minmay_tetromino_i2
D:3:      layout_basic, minivault_5, uniq_crazy_yiuf_cottage
D:4:      layout_layer_cave, nicolae_overflow_crystal_walls,
          lemuel_coloured_pillars_altar, kennysheep_mini_moat
D:5:      layout_basic, lemuel_zombie_altar_yredelemnul,
          minmay_temple_entry_overgrown, nrook_mini_backslash
D:6:      layout_gridville, elyvilon_altar_1
D:7:      minmay_opposing_rooms, layout_rooms, general_overflow_altar,
          serial_undead, serial_undead_e, serial_undead_d, serial_undead_c,
          serial_undead_c, serial_undead_d, serial_undead_c, serial_undead_d,
          serial_undead_c, serial_undead_c, serial_undead_d, serial_shops,
          nicolae_shop_behind_doors
D:8:      layout_basic, erik_lair_dragon, basic_altar, nicolae_wwwww,
          uniq_erica, uniq_pikel

Skill      XL: |  1  2  3  4  5  6  7  8  9 |
---------------+----------------------------+-----
Axes           | 4 5 6 7 8 9 11 13 15 | 15.1
Fighting       | 8 |  8.4
Armour         | |  2.4
Dodging        | |  2.1

Action                   |  1- 3 |  4- 6 |  7- 9 | 10-12 || total
-------------------------+-------+-------+-------+-------++-------
Melee: Hand axe          |    44 |   166 |   338 |     7 ||   555
       Headbutt          |     7 |    28 |    66 |       ||   101
Invok: Berserk           |       |       |     1 |       ||     1
       Trog's Hand       |       |       |     1 |       ||     1
  Use: Scroll            |       |     6 |    19 |       ||    25
       Potion            |       |       |     1 |       ||     1
 Stab: Sleeping          |       |     4 |     2 |       ||     6
       Distracted        |       |       |     1 |       ||     1
Armor: Animal skin       |    10 |    17 |     6 |       ||    33
       Chain mail        |       |       |   106 |     1 ||   107
Dodge: Dodged            |    30 |    80 |   128 |     1 ||   239
